 Dungeon Crawl Stone Soup version 0.28.0 (webtiles) character file.

Game seed: 4150433589578985194

2 trckry the Caller (level 1, -2/13 HPs)
             Began as a Barachi Summoner on Feb 14, 2022.
             Slain by a quokka (4 damage)
             ... on level 1 of the Dungeon.
             The game lasted 00:01:32 (131 turns).

trckry the Caller (Barachi Summoner)                 Turns: 131, Time: 00:01:32

Health: -2/13      AC:  2    Str:  9    XL:     1   Next: 30%
Magic:  1/3        EV: 12    Int: 15    God:
Gold:   0          SH:  0    Dex: 12    Spells: 3/4 levels left

rFire   . . .      SeeInvis .   c - +0 whip
rCold   . . .      Faith    .   (no shield)
rNeg    . . .      Spirit   .   a - +0 robe
rPois   .          Reflect  .   (no helmet)
rElec   .          Harm     .   (no cloak)
rCorr   .          Rampage  .   (no gloves)
Will    .....                   (no boots)
Stlth   ++........              (no amulet)
HPRegen 0.04/turn               (no ring)
MPRegen 0.08/turn               (no ring)

@: unable to hop, slow
A: amphibious, slowness 1, strong legs 1, +LOS
a: Hop


You were on level 1 of the Dungeon.
You visited 1 branch of the dungeon, and saw 1 of its levels.

Inventory:

Hand Weapons
 c - a +0 whip (weapon)
Missiles
 b - a throwing net
 d - 17 stones
Armour
 a - a +0 robe (worn)


   Skills:
 - Level 2.1 Dodging
 + Level 1.8 Stealth
 + Level 2.2 Spellcasting
 * Level 4.9 Summonings


You had 3 spell levels left.
You knew the following spells:

 Your Spells              Type           Power      Damage    Failure   Level
a - Summon Small Mammal   Summ           64%        N/A       3%          1

Your spell library contained the following spells:

 Spells                   Type           Power      Damage    Failure   Level
 Call Imp                 Summ           16%        N/A       4%          2
 Call Canine Familiar     Summ           16%        N/A       9%          3
 Summon Guardian Golem    Hex/Summ       9%         N/A       24%         3
 Summon Lightning Spire   Summ/Air       9%         N/A       61%         4


Dungeon Overview and Level Annotations

Branches:
Dungeon (1/15)

Altars:


Innate Abilities, Weirdness & Mutations

You are amphibious.
You cover ground slowly.
You can hop short distances.
You have an extended range of vision and can be seen from far away.


Message History

The quokka bites your rat.
Your rat dies!
Your rat's corpse disappears in a puff of smoke!
The quokka barely misses you. The quokka closely misses you.
Casting: Summon Small Mammal (safe; 3% risk of failure)
Confirm with . or Enter, or press ? or * to list all spells.
The quokka bites you but does no damage.
The quokka bites you. The quokka closely misses you.
Your rat closely misses the quokka.
The quokka closely misses you. The quokka closely misses you.
Casting: Summon Small Mammal (safe; 3% risk of failure)
Confirm with . or Enter, or press ? or * to list all spells.
Your rat barely misses the quokka.
The quokka barely misses you.
You hit the quokka but do no damage.
The quokka is severely wounded.
Your rat barely misses the quokka.
The quokka barely misses you.
You closely miss the quokka.
The quokka is severely wounded.
The quokka bites you.
Your rat barely misses the quokka.
You closely miss the quokka.
The quokka is severely wounded.
The quokka misses you.
Your rat bites the quokka but does no damage.
Your rat barely misses the quokka.
The quokka bites your rat.
Your rat dies!
Your rat's corpse disappears in a puff of smoke!
You closely miss the quokka.
The quokka is severely wounded.
The quokka bites you.
* * * LOW HITPOINT WARNING * * *
Your rat barely misses the quokka.
Hop to where?
Press: ? - help, Dir - move target, p - quokka Boing!
Your rat barely misses the quokka.
Your rat misses the quokka. The quokka bites you.
You die...

#.#####################.#
#.######## #.#
#........## #######.##
######....# #........#
#....# #........# ####
#....# ##........# #....
#....# #.........# #....
#....# #.######...
#....########...@#
#........##
#............r.r.#
#.##+#'##.#
#................#
#.....#.#
...........†.....#
+.....#.# #.........##.##
#..8.<#.# ####.........#
+.....#.# #.###.#####
#.....#.#
#######.###.#########
#######.#
...................># .#


You could see a quokka (ally target) and a friendly rat (summoned).

Vanquished Creatures
  A bat (D:1)
1 creature vanquished.

Vanquished Creatures (collateral kills)
  A kobold (D:1)
1 creature vanquished.

Grand Total: 2 creatures vanquished

Notes
Turn   | Place    | Note
-------+----------+-------------------------------------------
     0 | D:1      | trckry the Barachi Summoner began the quest for the Orb.
     0 | D:1      | Reached XP level 1. HP: 13/13 MP: 3/3
   125 | D:1      | HP: 1/13 [quokka (5)]
   131 | D:1      | Slain by a quokka

Illustrated notes

Levels and vault maps discovered:
D:1:      minmay_arrival_solitary_statue, layout_basic,
          shapermc_ecumenical_altar_starsandcircs

Action                   || total
-------------------------++-------
Melee: Whip              ||     6
 Cast: Summon Small Mamm ||     7
 Abil: Hop               ||     1
Armor: Robe              ||     2
Dodge: Dodged            ||    11
